 Dungeon Crawl Stone Soup version 0.22.0-38-g04b72b8 (webtiles) character file.

102 Monsterracer the Chopper (level 4, -2/37 HPs)
             Began as a Demigod Fighter on Aug 28, 2018.
             Slain by a quokka (3 damage)
             ... on level 2 of the Dungeon.
             The game lasted 00:02:22 (2337 turns).

Monsterracer the Chopper (Demigod Fighter)          Turns: 2337, Time: 00:02:22

Health: -2/37      AC:  7    Str: 21    XL:     4   Next: 25%
Magic:  6/6        EV:  7    Int: 12    God:
Gold:   96         SH:  9    Dex: 15    Spells: 3/3 levels left

rFire    . . .     SeeInvis .   a - +0 war axe
rCold    . . .     Gourm    .   f - +0 shield
rNeg     . . .     Faith    .   b - +0 scale mail
rPois    .         Spirit   .   (no helmet)
rElec    .         Reflect  .   (no cloak)
rCorr    .         Harm     .   (no gloves)
MR       .....                  o - +0 pair of boots
Stlth    ..........             (no amulet)
HPRegen  0.12/turn              h - ring of attention (curse)
MPRegen  0.10/turn              (no ring)

@: lethally poisoned (-2 -> -2)
A: high mp 1
a: no special abilities


You were on level 2 of the Dungeon.
You were hungry.

You visited 1 branch of the dungeon, and saw 2 of its levels.

You collected 96 gold pieces.

Inventory:

Hand Weapons
 a - a +0 war axe (weapon)
Armour
 b - a +0 scale mail (worn)
 f - a +0 shield (worn)
 o - a +0 pair of boots (worn)
Jewellery
 h - a cursed ring of attention (left hand)
Scrolls
 e - a scroll of noise {unknown}
 g - a scroll of identify {unknown}
 i - a scroll of fog {unknown}
 l - a scroll of remove curse {unknown}
 m - a scroll of magic mapping {unknown}
 n - a scroll of random uselessness {unknown}
Potions
 d - 3 potions of might
 j - a potion of berserk rage {unknown}
 k - a potion of degeneration {unknown}
 p - a potion of heal wounds {unknown}
Comestibles
 c - 2 rations


   Skills:
 + Level 2.8 Fighting
 * Level 4.1 Axes
 + Level 2.7 Armour
 + Level 2.8 Shields


You had 3 spell levels left.
You didn't know any spells.
Your spell library was empty.

Dungeon Overview and Level Annotations

Branches:
Dungeon (2/15)

Annotations:
D:2 Sigmund


Innate Abilities, Weirdness & Mutations

You have an increased reservoir of magic. (+10% MP)


Message History

You block the adder's attack.
You closely miss the adder. The adder bites you. The adder closely misses you.
You take 1 damage, and have 28/37 hp.
You miss the adder. You block the adder's attack.
You closely miss the adder. The adder bites you.
You are poisoned.
The adder poisons you! The adder bites you but does no damage.
You take 2 damage, and have 26/37 hp.
You closely miss the adder.
You feel sick. You block the adder's attack.
The adder bites you but does no damage.
You miss the adder.
You feel sick. The adder bites you but does no damage.
You take 1 damage, and have 25/37 hp.
You hit the adder.
The adder is lightly wounded.
You block the adder's attack. x2
You miss the adder.
The adder is lightly wounded.
You feel sick. You block the adder's attack. The adder bites you.
You take 4 damage, and have 21/37 hp.
You closely miss the adder.
The adder is lightly wounded.
You block the adder's attack. The adder barely misses you.
You closely miss the adder.
The adder is lightly wounded.
The adder bites you but does no damage.
You closely miss the adder.
The adder is lightly wounded.
You feel sick. You block the adder's attack.
The adder bites you but does no damage.
You hit the adder.
The adder is heavily wounded.
The adder bites you but does no damage. The adder bites you.
You are more poisoned.
The adder poisons you!
You take 2 damage, and have 19/37 hp.
You hit the adder.
You kill the adder!
You feel sick.
You take 1 damage, and have 18/37 hp.
You closely miss the quokka.
You feel sick. You block the quokka's attack. The quokka barely misses you.
You take 1 damage, and have 17/37 hp.
You barely miss the quokka.
You feel sick.
The quokka bites you but does no damage.
The quokka bites you.
* * * LOW HITPOINT WARNING * * *
You take 5 damage, and have 12/37 hp.
You feel sick.
You take 1 damage, and have 11/37 hp.
The quokka twitches its whiskers.
You feel sick.
You take 1 damage, and have 11/37 hp.
The quokka bites you.
* * * LOW HITPOINT WARNING * * *
You take 4 damage, and have 7/37 hp.
You hit the quokka.
The quokka is moderately wounded.
You feel sick. You block the quokka's attack.
You take 1 damage, and have 6/37 hp.
You closely miss the quokka.
The quokka is moderately wounded.
The quokka closely misses you. You block the quokka's attack.
You hit the quokka but do no damage.
The quokka is moderately wounded.
The quokka bites you.
* * * LOW HITPOINT WARNING * * *
You take 2 damage, and have 4/37 hp.
You barely miss the quokka.
The quokka is moderately wounded.
You feel sick. The quokka closely misses you. You block the quokka's attack.
You take 1 damage, and have 3/37 hp.
Unknown command.
You barely miss the quokka.
The quokka is moderately wounded.
The quokka bites you.
* * * LOW HITPOINT WARNING * * *
The quokka closely misses you.
Unknown command.
You hit the quokka but do no damage.
The quokka is moderately wounded.
The quokka bites you but does no damage.
You barely miss the quokka.
The quokka is moderately wounded.
* * * LOW HITPOINT WARNING * * *
You feel sick. The quokka barely misses you. The quokka closely misses you.
You take 1 damage, and have 2/37 hp.
Unknown command.
You hit the quokka.
The quokka is severely wounded.
The quokka bites you but does no damage.
The quokka barely misses you.
You barely miss the quokka.
The quokka is severely wounded.
The quokka twitches its whiskers.
The quokka barely misses you.
You closely miss the quokka.
The quokka is severely wounded.
* * * LOW HITPOINT WARNING * * *
You feel sick. The quokka bites you.
You die...

############
#......@rgh#
#.########g#
#...# #.#
###.# #g#
#.# #h# #.#
#.# #.# #g#
. #####.#
#.#### ..
#.....#
#††..+ ...


You could see 2 gnolls, a quokka and a jackal.

Vanquished Creatures
  A gnoll (D:2)
  3 adders (D:2)
  A dart slug (D:2)
  A giant cockroach (D:1)
  10 goblins
  7 hobgoblins
  7 jackals
  A quokka (D:2)
  3 ball pythons
  10 bats
  9 frilled lizards
  4 kobolds
  5 rats
62 creatures vanquished.

Notes
Turn   | Place    | Note
-------+----------+-------------------------------------------
     0 | D:1      | Monsterracer the Demigod Fighter began the quest for the Orb.
     0 | D:1      | Reached XP level 1. HP: 18/18 MP: 3/3
   156 | D:1      | Reached skill level 2 in Axes
   401 | D:1      | Reached XP level 2. HP: 18/25 MP: 4/4
   693 | D:1      | Reached skill level 3 in Axes
  1138 | D:2      | Reached XP level 3. HP: 30/30 MP: 5/5
  1261 | D:2      | HP: 13/30 [hobgoblin/club (4)]
  1271 | D:2      | HP: 7/30 [goblin (1)]
  1682 | D:2      | Noticed Sigmund
  1709 | D:2      | HP: 8/30 [something (12)]
  2049 | D:2      | Reached skill level 4 in Axes
  2303 | D:2      | Reached XP level 4. HP: 28/37 MP: 6/6
  2320 | D:2      | HP: 18/37 [poisoned by an adder]
  2326 | D:2      | HP: 11/37 [poisoned by an adder]
  2330 | D:2      | HP: 4/37 [quokka (2)]
  2337 | D:2      | HP: 1/37 [poisoned by an adder]
  2337 | D:2      | Slain by a quokka

Skill      XL: |  1  2  3 |
---------------+----------+-----
Axes           | 2 3 4 |  4.1
Fighting       | |  2.8
Armour         | |  2.7
Shields        | |  2.8

Action                   |  1- 3 |  4- 6 || total
-------------------------+-------+-------++-------
Melee: War axe           |   173 |    29 ||   202
  Eat: Chunk             |     4 |       ||     4
Armor: Scale mail        |    87 |    11 ||    98
Dodge: Dodged            |    70 |    10 ||    80
Block: Shield            |   120 |    18 ||   138

Vault maps used:
D:1:      dpeg_arrival_stone_temple_mockup, minmay_distorted
D:2:      cheibrodos_greedy_goblins, solitary_fountain, roderic_serpentine_path,
          minmay_misc_feat_plants, uniq_terence, uniq_sigmund
